 Dungeon Crawl Stone Soup version 0.16.1-2-g95b8d4c (console) character file.

0 gw the Poker (level 1, -1/17 HPs)
             Began as a Centaur Gladiator on Mar 26, 2015.
             Slain by a jackal (2 damage)
             ... on level 1 of the Dungeon.
             The game lasted 00:00:32 (220 turns).

gw the Poker (Centaur Gladiator)                     Turns: 220, Time: 00:00:32

Health: -1/17      AC:  5    Str: 17    XL:     1   Next: 8%
Magic:  1/1        EV:  9    Int:  7    God:
Gold:   0          SH:  0    Dex:  9    Spells: 0 memorised, 0 levels left

rFire  . . .     SeeInvis .     a - +0 trident
rCold  . . .     Clarity  .     b - +0 leather armour
rNeg   . . .     SustAb   .     (no shield)
rPois  .         Gourm    .     c - +0 helmet
rElec  .         Spirit   .     (no cloak)
rCorr  .         Warding  .     (no gloves)
rMut   .         Stasis   .     (no barding)
MR     .....                    (no amulet)
Stlth  ..........               (no ring)
                                (no ring)

@: very quick, not resistant to hostile enchantments, extremely unstealthy
A: hooves 3, deformed body, speed 2, tough skin 3
a: no special abilities


You were on level 1 of the Dungeon.
You were not hungry.

You visited 1 branch of the dungeon, and saw 1 of its levels.

Inventory:

Hand weapons
 a - a +0 trident (weapon)
Missiles
 d - 3 throwing nets
Armour
 b - a +0 leather armour (worn)
 c - a +0 helmet (worn)
Scrolls
 e - a scroll of recharging {unknown}
Potions
 g - a potion of restore abilities {unknown}
Comestibles
 f - a bread ration


   Skills:
 + Level 2.0 Fighting
 + Level 2.7 Polearms
 - Level 2.6 Throwing
 + Level 0.0 Armour
 - Level 2.1 Dodging


You couldn't memorise any spells.
You didn't know any spells.

Dungeon Overview and Level Annotations

Branches:
Dungeon (1/15)

Altars:


Innate Abilities, Weirdness & Mutations

You have hooves in place of feet.
Armour fits poorly on your strangely shaped body.
You cover ground very quickly.
You have extremely tough skin (AC +3).


Message History

The jackal bites you but does no damage.
Unknown command.
Unknown command.
Unknown command.
You start resting.
The jackal bites you but does no damage.
Unknown command.
Unknown command.
Unknown command.
You start resting.
The jackal bites you. The jackal bites you.
Unknown command.
Unknown command.
Unknown command.
You start resting.
The jackal bites you but does no damage.
Unknown command.
Unknown command.
Unknown command.
You start resting.
The jackal bites you.
You die...

.###+#...#......##..
######.............##
.... #..........%.......#
.....
#...........#......# . .
#...........#...####
#.##+#......h.#..##
#.........#hr#.#..#####
#.####....hh#...#......
#....#.#####c....#####.
#....#..#...........#.!
#........#.........#...
#........#....<....#..#
#.......#...........#..
.........#####.....#####
#.#............#...#.....
........).......#.#......
.#####....##.#..#..#.##


You could see 4 jackals and a rat.

Table legend:
 A = Turns spent in this place as a percentage of turns spent in the entire game.
 B = Non-inter-level travel turns spent in this place as a percentage of non-inter-level travel turns spent in the entire game.
 C = Inter-level travel turns spent in this place as a percentage of turns spent in this place.
 D = Turns resting spent in this place as a percentage of non-inter-level travel turns spent in this place.
 E = Turns spent auto-exploring this place as a percentage of non-inter-level travel turns spent in this place.
 F = Non-inter-level travel turns spent in this place divided by the number of levels of this place that you've seen.
                   A       B       C       D       E      F
               +-------+-------+-------+-------+-------+----------------------
         Total | 100.0 | 100.0 |   0.0 |   5.5 |   0.8 | 603.0
       Dungeon | 100.0 | 100.0 |   0.0 |   5.5 |   0.8 | 603.0
               +-------+-------+-------+-------+-------+----------------------

Table legend:
 A = Kills in this place as a percentage of kills in entire the game.
 B = Kills by you in this place as a percentage of kills by you in the entire game.
 C = Kills by friends in this place as a percentage of kills by friends in the entire game.
 D = Other kills in this place as a percentage of other kills in the entire game.
 E = Experience gained in this place as a percentage of experience gained in the entire game.
 F = Experience gained in this place divided by the number of levels of this place that you have seen.
                   A       B       C       D       E      F
               +-------+-------+-------+-------+-------+----------------------
         Total | 100.0 | 100.0 |  -nan |  -nan | 100.0 |   1.0
       Dungeon | 100.0 | 100.0 |  -nan |  -nan | 100.0 |   1.0
               +-------+-------+-------+-------+-------+----------------------

Vanquished Creatures
  A giant newt (D:1)
1 creature vanquished.

Notes
Turn   | Place    | Note
--------------------------------------------------------------
     0 | D:1      | gw, the Centaur Gladiator, began the quest for the Orb.
     0 | D:1      | Reached XP level 1. HP: 17/17 MP: 1/1
   220 | D:1      | Slain by a jackal

Action                   || total
-------------------------++-------
Melee: Trident           ||     6

Vault maps used:
D:1:      scummos_arrival_star
